Map: Cerulean Fall LE

Players

HoRNET - Winner!

  • Race: Terran Terran
  • League: Platinum
  • Spawn Location: 1:00

Aftershock

  • Race: Terran Terran
  • League: Silver
  • Spawn Location: 7:00

VOD

Have the link to the VOD?

Description

Time

  • Played on: Dec. 15, 2018, 1:59 a.m.
  • Length: 6:36
Show
View Real Time Build Order
Export as new Build Order

HoRNET Terran - Winner!

Build Orders:  

Get SALT Encoding   

  12  0:01  SCV  
  13  0:16  Supply Depot  
  13  0:17  SCV  
  14  0:29  SCV  
  14  0:32  Refinery  
  15  0:41  Barracks  
  15  0:46  SCV  
  16  0:53  Refinery  
  16  0:58  SCV  
  17  1:10  SCV  
  18  1:29  Orbital Command  
  18  1:39  Factory  
  18  1:46  Reaper  
  19  1:47  Supply Depot  
  19  2:00  SCV  
  20  2:06  Barracks  
  20  2:16  Ghost Academy  
  20  2:18  Barracks Tech Lab  
  20  2:27  Factory Tech Lab  
  20  2:28  SCV  
  21  2:52  Ghost  
  21  2:53  Siege Tank  
  21  2:55  Marine  
  21  2:56  SCV  
  28  3:08  SCV  
  29  3:24  Marine x2, Starport  
  31  3:33  Nuke  
  31  3:45  Supply Depot  
  31  3:46  Supply Depot  
  31  4:05  Marine x2  
  31  4:06  Widow Mine  
  34  4:42  Ghost  
  34  4:43  Marine  
  37  4:58  Liberator  
  37  5:01  Marine  
  37  5:07  Nuke  
  37  5:11  Ghost, SCV  
Show
View Real Time Build Order
Export as new Build Order

Aftershock Terran 

Build Orders:  

Get SALT Encoding   

  12  0:01  SCV  
  13  0:14  SCV  
  14  0:19  Supply Depot  
  14  0:28  SCV  
  15  0:30  Refinery  
  15  0:40  SCV  
  16  0:47  Barracks  
  16  0:53  SCV  
  17  1:05  SCV  
  18  1:17  SCV  
  19  1:30  Supply Depot  
  19  1:32  SCV  
  20  1:34  Reaper  
  21  1:46  Command Center  
  21  1:51  SCV  
  22  2:00  Factory  
  22  2:04  SCV  
  23  2:18  Orbital Command  
  23  2:20  Barracks Reactor  
  23  2:25  Refinery  
  23  2:52  Factory Reactor  
  23  2:59  Barracks  
  23  3:00  Orbital Command  
  23  3:03  SCV  
  24  3:06  Barracks  
  24  3:14  Starport  
  24  3:18  Marine  
  24  3:19  SCV  
  26  3:30  Hellion x2  
  30  3:35  Marine  
  30  3:37  SCV x2  
  33  3:43  Supply Depot  
  33  3:46  Barracks Tech Lab  
  33  3:49  Supply Depot  
  33  3:51  Marine  
  33  3:52  Barracks Tech Lab  
  34  4:00  Marine  
  33  4:16  Bunker  
  33  4:18  Marauder x2, Marine  
  33  4:19  Medivac  
Tags
 
Add a new tag
Caveats
  • Supply blocks, unpowered buildings, or Contaminate may cause inaccurate times.
  • Supply counts are checked every 10 seconds.